 Dungeon Crawl Stone Soup version 0.19.5 (webtiles) character file.

360744 RaHiT the Eclecticist (level 21, -1/153 HPs)
             Began as a Mummy Conjurer on Apr 27, 2017.
             Was the Champion of Vehumet.
             Killed from afar by Nikola (31 damage)
             ... with a chain lightning
             ... on level 1 of the Depths on May 1, 2017.
             The game lasted 14:29:24 (89818 turns).

RaHiT the Eclecticist (Mummy Conjurer)             Turns: 89818, Time: 14:29:24

Health: -1/153     AC: 27    Str: 13    XL:     21   Next: 48%
Magic:  19/42      EV: 26    Int: 24    God:    Vehumet [******]
Gold:   2620       SH: 17    Dex: 14    Spells: 12 memorised, 3 levels left

rFire  x . .     SeeInvis +     a - staff of wizardry
rCold  + . .     Gourm    .     T - +2 robe {Archmagi}
rNeg   + + +     Faith    .     j - +3 buckler {AC+3}
rPois  ∞         Spirit   .     M - +2 helmet {SInv}
rElec  .         Reflect  +     V - +2 cloak {+Inv}
rCorr  .         Harm     .     v - +2 pair of gloves
MR     ++...                    R - +2 pair of boots
Stlth  ++........               G - +6 amulet of reflection
                                H - ring of the Octopus King {Wiz AC+1 EV+1 Str+1 Int+1 Dex+1}
                                B - +5 ring of evasion

@: icy armour, slow
A: no food or potions, fire vulnerability, cold resistance 1, negative energy
resistance 3, torment resistance, unbreathing, in touch with death 1
a: Renounce Religion, Evoke Invisibility
}: 2/15 runes: decaying, gossamer


You were on level 1 of the Depths.
You worshipped Vehumet.
Vehumet was exalted by your worship.
You were not hungry.

You visited 10 branches of the dungeon, and saw 45 of its levels.
You also visited: Ossuary and Ice Cave.

You collected 4631 gold pieces.
You spent 2011 gold pieces at shops.

Inventory:

Hand Weapons
 c - the +9 staff of Olgreb {rPois}
   (You took it off Arachne on level 2 of the Spider Nest)

   It protects you from poison.
Armour
 i - a +2 robe of magic resistance
 j - a +3 buckler of protection (worn)
 v - a +2 pair of gloves (worn)
 M - a +2 helmet of see invisible (worn)
 R - a +2 pair of boots (worn)
 T - a +2 robe of the Archmagi (worn)
 V - a +2 cloak of invisibility (worn)
 W - the +2 leather armour of the New World {rF+}
   (You found it on level 1 of the Swamp)

   It protects you from fire.
Magical Staves
 a - an uncursed staff of wizardry (weapon)
 b - an uncursed staff of energy
Jewellery
 q - an uncursed ring of protection from fire
 B - a +5 ring of evasion (left hand)
 D - an uncursed ring of resist corrosion
 G - a +6 amulet of reflection (around neck)
 H - a ring of the Octopus King (right hand) {Wiz AC+1 EV+1 Str+1 Int+1 Dex+1}
   (You found it on level 3 of the Lair of Beasts)

   [ring of wizardry]

   It improves your spell success rate.
   It affects your AC (+1).
   It affects your evasion (+1).
   It affects your strength (+1).
   It affects your intelligence (+1).
   It affects your dexterity (+1).
 K - an uncursed ring of magical power
 N - an uncursed amulet of magic regeneration
Wands
 y - a wand of paralysis (16/24)
 z - a wand of iceblast (6/15)
 A - a wand of lightning (5/15)
 C - a wand of slowing (19/48)
 P - a wand of confusion (13/48)
 Q - a wand of disintegration (7/24)
 X - a wand of teleportation (5/9)
 Z - a wand of acid (4/15)
Scrolls
 d - 2 scrolls of fear
 e - 4 scrolls of enchant armour
 f - 18 scrolls of remove curse
 g - 4 scrolls of noise
 k - a scroll of identify
 m - 8 scrolls of fog
 r - 2 scrolls of amnesia
 t - 6 scrolls of immolation
 E - 9 scrolls of teleportation
 I - a scroll of blinking
 U - 3 scrolls of magic mapping
Miscellaneous
 h - a sack of spiders
 l - a phial of floods (inert)
 L - a phantom mirror


   Skills:
 - Level 10.0 Fighting
 * Level 11.6 Dodging
 - Level 1.5 Stealth
 - Level 15.1 Shields
 - Level 17.0 Spellcasting
 - Level 17.0 Conjurations
 - Level 5.0 Summonings
 - Level 12.1 Evocations


You had 3 spell levels left.
You knew the following spells:

 Your Spells              Type           Power        Failure   Level  Hunger
a - Iskenderun's Mystic   Conj           ########     1%          4    N/A
b - Iron Shot             Conj/Erth      ######....   1%          6    N/A
c - Iskenderun's Battles  Conj/Chrm      ######..     1%          5    N/A
d - Blink                 Tloc           N/A          1%          2    N/A
e - Conjure Flame         Conj/Fire      ######..     1%          3    N/A
f - Mephitic Cloud        Conj/Pois/Air  ######..     1%          3    N/A
g - Ozocubu's Armour      Chrm/Ice       ####....     2%          3    N/A
h - Lehudib's Crystal Sp  Conj/Erth      ######....   73%         8    N/A
i - Passage of Golubria   Tloc           N/A          8%          4    N/A
j - Apportation           Tloc           ####......   1%          1    N/A
l - Fireball              Conj/Fire      ######....   1%          5    N/A
q - Spellforged Servitor  Conj/Summ      #######...   3%          7    N/A

Dungeon Overview and Level Annotations

Branches:
Dungeon (15/15)            Temple (1/1) D:7            Lair (6/6) D:8
  Swamp (4/4) Lair:2       Spider (4/4) Lair:2        Slime (5/5) Lair:5
    Orc (2/2) D:10            Elf (3/3) Orc:2        Vaults (4/5) D:13
  Crypt (0/3) Vaults:3     Depths (1/5) D:15

Altars:
Ashenzari
Cheibriados
Dithmenos
Elyvilon
Fedhas
Gozag
Hepliaklqana
Kikubaaqudgha
Makhleb
Nemelex Xobeh
Okawaru
Qazlal
Ru
Sif Muna
Trog
Uskayaw
Vehumet
Xom
Yredelemnul
Zin
The Shining One
Jiyva

Shops:
D:6 (   D:8 [[   Orc:2 (=(*[   Elf:2 (   Elf:3 :   Vaults:1 =   Vaults:3 [

Annotations:
Slime:2 exclusion: 2 upstairs
Slime:3 exclusion: upstairs
Slime:5 Royal Jelly
Depths:1 Nikola


Innate Abilities, Weirdness & Mutations

You do not eat or drink.
Your flesh is vulnerable to fire.
You are immune to poison.
Your flesh is cold resistant. (rC+)
You are immune to negative energy. (rN+++)
You are immune to unholy pain and torment.
You can survive without breathing.
You are in touch with the powers of death.


Message History

Aim: Nikola, wielding a rapier of electrocution, wearing a cloak and wearing a pair of gloves (heavily wounded)
You feel a surge of power!
The iron shot hits Nikola.
Nikola is heavily wounded.
Your spellforged servitor disappears in a puff of smoke!
Nikola casts a spell.
You hear a mighty clap of thunder!
The lightning arc hits you!
The lightning arc hits Nikola.
The lightning arc hits you!
The lightning arc hits Nikola.
The lightning arc hits you!
The lightning arc hits Nikola.
The lightning arc hits you!
Casting: Iron Shot
Confirm with . or Enter, or press ? or * to list all spells.
You feel a surge of power!
You summon a servant imbued with your destructive magic!
Nikola casts a spell.
You hear a mighty clap of thunder!
The lightning arc hits you!
* * * LOW HITPOINT WARNING * * *
The lightning arc hits Nikola.
The lightning arc hits you!
You die...

#.......###.#
#.#####'###'####
###............# ###
#............# ..#
#............#
#.###............#
†...'.........8..#####...
#####...........§'@§§§..#
#...........@######+#
##############


You could see Nikola and a friendly spellforged servitor.

Vanquished Creatures
  Bai Suzhen (Swamp:3)
  A deep elf blademaster (Elf:3)
  20 acid blobs
  A sphinx (Vaults:1)
  Kirke (Spider:2)
  2 thorn hunters
  A storm dragon (Vaults:4)
  9 azure jellies
  A deep elf sorcerer (Elf:3)
  A fire giant (Vaults:1)
  A frost giant (Depths:1)
  3 emperor scorpions
  5 ghost moths
  An orc warlord (Orc:1)
  2 deep elf elementalists (Elf:3)
  The ghost of CALLOUS the Nimble, a journeyman DDFE of Ru (D:13)
  A ghoul (Vaults:2)
  An ironheart preserver (Vaults:2)
  2 very ugly things
  A stone giant (Orc:1)
  5 entropy weavers
  2 deep elf annihilators
  Nessos (D:15)
  7 death oozes
  A deep elf death mage (Elf:3)
  2 ettins (Depths:1)
  2 fire dragons
  A deep elf high priest (Elf:3)
  9 hydras
  4 great orbs of eyes
  5 yaktaur captains
  Erolcha (Orc:2)
  8 vault guards
  A rakshasa (D:15)
  Erica (Lair:4)
  8 centaur warriors
  2 death knights
  7 alligators
  9 death yaks
  5 ogre magi
  3 tengu warriors
  13 dancing weapons
  2 deep troll earth magi
  3 orc high priests (Orc:2)
  Nergalle (Lair:4)
  6 deep elf knights
  9 skeletal warriors
  4 unseen horrors
  A spriggan druid (Swamp:4)
  7 deep trolls
  3 wizards
  3 deep elf archers
  4 ironbrand convokers
  4 swamp dragons
  7 orc knights
  A shambling mangrove (Swamp:1)
  12 hill giants
  Pikel (D:6)
  A phantasmal warrior (Vaults:4)
  2 stone giant zombies (Vaults:3)
  9 orb spiders
  4 manticores
  4 orc sorcerers
  A shining eye (Slime:4)
  11 wolf spiders
  5 cyclopes
  9 deep elf magi
  An oklob plant (Lair:2)
  13 ugly things
  A manticore (shapeshifter) (D:14)
  The ghost of ShornTheSheep the Chopper, a novice GrBe of Trog (D:6)
  A moth of wrath (Spider:2)
  7 black mambas
  2 ice statues (IceCv)
  An eye of devastation (Slime:5)
  4 elephants
  A gargoyle (D:11)
  2 centaur skeletons
  28 spiny frogs
  2 vault sentinels
  3 rime drakes
  8 komodo dragons
  8 demonic crawlers
  3 tengu conjurers (Depths:1)
  9 yaktaurs
  A yaktaur skeleton (Vaults:3)
  9 trolls
  9 jumping spiders
  A merfolk (D:15)
  7 polar bears
  47 slime creatures
  16 blink frogs
  4 bog bodies
  3 meliai (D:14)
  7 two-headed ogres
  Grinder (D:6)
  A harpy skeleton (D:15)
  A raiju (shapeshifter) (Vaults:2)
  A tengu simulacrum (Vaults:3)
  A tyrant leech (Swamp:3)
  14 hornets
  11 hippogriffs
  Prince Ribbit (D:7)
  2 meliai zombies
  15 spriggans
  Sigmund (D:2)
  6 shadows
  33 redbacks
  A water elemental (Depths:1)
  3 vampires
  3 wraiths
  53 yaks
  13 tarantellas
  8 wyverns
  5 basilisks
  A hungry ghost (D:7)
  2 yaks (shapeshifter)
  A steam dragon (D:10)
  A fire elemental (Elf:2)
  The ghost of McKennaii the Skirmisher, an amateur DsAK of Lugonu (D:4)
  6 golden eyes
  19 vampire mosquitoes
  3 mottled dragons
  12 insubstantial wisps
  11 swamp worms
  Edmund (D:4)
  6 wargs
  A soldier ant (D:14)
  7 water moccasins
  2 hell hounds (D:8)
  A hell hound (shapeshifter) (D:15)
  3 swamp drakes
  A floating eye (Slime:2)
  18 ice beasts
  33 orc warriors
  6 sky beasts
  12 porcupines
  A slave (D:6)
  7 black bears
  6 phantoms
  25 ogres
  16 centaurs
  19 wolves
  7 boggarts
  The ghost of VanClaymore the Poker, an amateur MfGl (D:3)
  2 eyes of draining (Slime:4)
  20 crocodiles
  2 big kobolds
  2 elf zombies (Ossuary)
  15 bullfrogs
  A gnoll sergeant (D:10)
  A wyvern zombie (D:14)
  3 scorpions
  11 killer bees
  20 wights
  2 howler monkeys
  7 electric eels
  11 crimson imps
  3 centaur zombies
  6 hounds
  A human zombie (Ossuary)
  2 bullfrog zombies
  25 orc priests
  4 iguanas
  4 jellies
  28 orc wizards
  3 bullfrog skeletons
  10 worker ants
  A big kobold zombie (Ossuary)
  A hound zombie (D:10)
  2 hound skeletons (D:8)
  2 mummies (Ossuary)
  4 worker ant zombies
  5 gnolls
  10 adders
  5 shadow imps
  12 white imps (D:11)
  3 oozes
  An adder skeleton (D:4)
  4 adder zombies (Ossuary)
  17 worms
  2 dart slugs
  12 leopard geckos
  78 orcs
  2 ball pythons
  7 bats
  12 giant cockroaches
  9 goblins
  7 hobgoblins
  8 jackals
  10 kobolds
  3 quokkas (D:6)
  3 frilled lizards
  5 hobgoblin zombies (Ossuary)
  11 kobold zombies (Ossuary)
  10 orc zombies (Ossuary)
  5 rats
  A rat zombie (Ossuary)
  2 plants (Spider:3)
1307 creatures vanquished.

Vanquished Creatures (collateral kills)
  Dissolution (Slime:3)
  Arachne (Spider:2)
  The ghost of ohados the Fencer, an adept MiGl of Gozag (Depths:1)
  A deep elf blademaster (Elf:3)
  Asterion (Depths:1)
  22 acid blobs
  A deep elf master archer (Elf:3)
  2 sphinxes
  The ghost of Groucho the Warrior, an adept MiFi of Cheibriados (Slime:1)
  A storm dragon (Vaults:4)
  16 azure jellies
  2 thorn hunters
  Roxanne (Swamp:1)
  A frost giant (Depths:1)
  4 deep elf sorcerers (Elf:3)
  2 emperor scorpions
  4 vault wardens
  A ghoul (Vaults:3)
  2 deep elf elementalists (Elf:3)
  7 ironheart preservers
  An entropy weaver (Spider:4)
  8 very ugly things
  2 stone giants (Depths:1)
  3 deep elf annihilators
  6 deep elf demonologists (Elf:3)
  3 ettins
  7 deep elf death magi
  3 death oozes
  2 deep elf high priests (Elf:3)
  5 ogre magi
  9 yaktaur captains
  8 great orbs of eyes
  A rakshasa (Vaults:2)
  2 ice dragons
  4 centaur warriors
  3 vault guards (Vaults:1)
  6 hydras
  5 alligators
  2 ghost crabs
  2 death knights
  17 dancing weapons
  3 deep troll shamans
  2 tengu warriors (Depths:1)
  3 deep troll earth magi (Depths:1)
  16 deep elf knights
  An orc high priest (Elf:1)
  A small abomination (Elf:3)
  2 skeletal warriors (Vaults:1)
  An iron troll (Depths:1)
  A spriggan druid (Swamp:4)
  9 swamp dragons
  16 deep elf archers
  3 glowing orange brains
  10 deep trolls
  An unseen horror (Vaults:1)
  2 flayed ghosts
  A shambling mangrove (Swamp:3)
  A necromancer (Vaults:3)
  A phantasmal warrior (Vaults:2)
  A harpy (shapeshifter) (Vaults:3)
  7 ironbrand convokers
  5 harpies
  3 wizards
  11 orb spiders
  A cyclops (Vaults:1)
  21 ugly things
  25 wolf spiders
  9 orc knights
  4 shining eyes
  56 deep elf magi
  An orc sorcerer (Elf:1)
  A black mamba (Lair:1)
  A guardian serpent (shapeshifter) (Elf:3)
  2 torpor snails
  An eye of devastation (shapeshifter) (Vaults:2)
  10 vault sentinels
  An eye of devastation (Slime:5)
  7 spiny frogs
  8 freezing wraiths
  30 yaktaurs
  A komodo dragon (shapeshifter) (Vaults:4)
  6 demonic crawlers
  A tengu conjurer (Depths:1)
  13 jumping spiders
  54 slime creatures
  3 blink frogs (Swamp:4)
  5 tyrant leeches
  5 bog bodies (Swamp:4)
  8 two-headed ogres
  14 hornets
  A fire giant simulacrum (Vaults:1)
  A blink frog (shapeshifter) (Vaults:3)
  A tarantella (shapeshifter) (Vaults:4)
  An air elemental (Elf:3)
  A shadow (Swamp:2)
  6 spriggans
  A spriggan (shapeshifter) (Depths:1)
  2 water elementals
  16 tarantellas
  2 fire elementals (Elf:3)
  76 redbacks
  5 yaks
  A basilisk (shapeshifter) (Vaults:4)
  A hog (shapeshifter) (Vaults:2)
  A wraith (Vaults:2)
  3 golden eyes
  2 mottled dragons (Vaults:1)
  8 vampire mosquitoes
  4 insubstantial wisps
  17 swamp worms
  4 wargs
  A warg (shapeshifter) (Vaults:1)
  5 swamp drakes
  9 orc warriors
  An eye of draining (shapeshifter) (Depths:1)
  21 ogres
  6 eyes of draining
  4 centaurs
  2 boggarts
  A human skeleton (Vaults:3)
  A bullfrog (Lair:2)
  4 earth elementals (Elf:1)
  4 human simulacra
  An orc simulacrum (Vaults:2)
  9 jellies (Slime:2)
  4 orc priests
  An orc wizard (Vaults:4)
  A worm (shapeshifter) (Vaults:3)
  9 orcs
  5 briar patches (Swamp:4)
  A fungus (Lair:5)
804 creatures vanquished.

Vanquished Creatures (others)
  A deep elf master archer (Elf:3)
  An ice dragon (IceCv)
  A centaur warrior (D:15)
  A deep elf knight (Elf:1)
  2 deep elf archers
  A deep elf mage (Elf:3)
  5 yaktaurs
  A tyrant leech (Swamp:3)
  A human (Spider:2)
  An ice beast (D:6)
  A slave (D:6)
  5 centaurs
  An orc wizard (Orc:2)
  A killer bee zombie (D:6)
  A hound skeleton (D:6)
  A gnoll (D:10)
  A leopard gecko (D:6)
  A quokka (D:3)
  3 briar patches (Swamp:4)
  A bush (Lair:6)
  21 fungi
  16 plants
68 creatures vanquished.

Grand Total: 2179 creatures vanquished

Notes
Turn   | Place    | Note
-------+----------+-------------------------------------------
     0 | D:1      | RaHiT the Mummy Conjurer began the quest for the Orb.
     0 | D:1      | Reached XP level 1. HP: 13/13 MP: 3/3
   235 | D:1      | Reached XP level 2. HP: 19/19 MP: 3/5
   239 | D:1      | Learned a level 2 spell: Searing Ray
  1184 | D:2      | Reached XP level 3. HP: 19/24 MP: 1/7
  1596 | D:2      | Noticed Sigmund
  1950 | D:3      | Noticed VanClaymore's ghost (amateur MfGl)
  2034 | D:2      | Reached XP level 4. HP: 30/30 MP: 7/10
  3064 | D:3      | Found a white marble altar of Elyvilon.
  3145 | D:3      | Reached XP level 5. HP: 35/35 MP: 1/12
  3469 | D:3      | Reached skill level 5 in Spellcasting
  3784 | D:4      | Found a sand-covered staircase.
  3795 | Ossuary  | Entered an ossuary
  5015 | Ossuary  | Reached XP level 6. HP: 41/41 MP: 9/13
  5509 | Ossuary  | Reached skill level 5 in Conjurations
  5777 | Ossuary  | Learned a level 4 spell: Iskenderun's Mystic Blast
  5783 | Ossuary  | Learned a level 5 spell: Iskenderun's Battlesphere
  6092 | D:4      | Noticed McKennaii's ghost (amateur DsAK)
  6154 | D:4      | Reached XP level 7. HP: 33/46 MP: 9/14
  7058 | D:4      | Killed McKennaii's ghost
  7507 | D:4      | Reached XP level 8. HP: 52/52 MP: 10/15
  7972 | D:5      | Entered Level 5 of the Dungeon
  7972 | D:5      | Noticed Edmund
  8070 | D:4      | Killed Edmund
  8296 | D:5      | Found an opulent altar of Gozag.
  9233 | D:6      | Found a sacrificial altar of Ru.
  9438 | D:6      | Noticed Pikel
  9453 | D:6      | Killed Pikel
  9453 | D:6      | Reached XP level 9. HP: 15/57 MP: 6/16
  9716 | D:6      | Noticed ShornTheSheep's ghost (novice GrBe)
 10291 | D:6      | Noticed Grinder
 10301 | D:6      | Killed Grinder
 10301 | D:6      | Reached skill level 10 in Conjurations
 10647 | D:6      | Found Kipn's Weapon Shoppe.
 11170 | D:7      | Got an ancient leather armour
 11211 | D:7      | Identified the +2 leather armour of the Rose {*Drain rElec rC+ rN+ Slay+2} (You found it on level 7 of the Dungeon)
 11609 | D:7      | Found a staircase to the Ecumenical Temple.
 11627 | Temple   | Entered the Ecumenical Temple
 11687 | Temple   | Became a worshipper of Vehumet
 11887 | D:7      | Found a blossoming altar of Fedhas.
 11948 | D:7      | Noticed Prince Ribbit
 11957 | D:7      | Killed Prince Ribbit
 12714 | D:2      | Killed Sigmund
 12920 | D:3      | Killed VanClaymore's ghost
 14287 | D:8      | Reached XP level 10. HP: 63/63 MP: 9/22
 14505 | D:8      | Found Taosal's Antique Armour Shop.
 14510 | D:8      | Bought a tattered robe for 159 gold pieces
 14520 | D:8      | Identified the +3 robe of Demons {rF- Int+5 Dex+6} (You bought it in a shop on level 8 of the Dungeon)
 14614 | D:8      | Found Xeuwk's Armour Emporium.
 15251 | D:8      | Found a staircase to the Lair.
 15424 | D:8      | Found a glowing silver altar of Zin.
 15537 | Lair:1   | Entered Level 1 of the Lair of Beasts
 15790 | Lair:1   | Noticed a black mamba
 15794 | Lair:1   | Killed a black mamba
 15794 | Lair:1   | Reached * piety under Vehumet
 15794 | Lair:1   | Offered knowledge of Sandblast by Vehumet.
 15794 | Lair:1   | Reached skill level 10 in Spellcasting
 15869 | Lair:1   | Found a shimmering altar of Xom.
 15985 | Lair:1   | Noticed a four-headed hydra
 15994 | Lair:1   | Killed a four-headed hydra
 16107 | Lair:1   | Noticed a spiny frog
 16113 | Lair:1   | Killed a spiny frog
 16425 | Lair:1   | Reached XP level 11. HP: 68/68 MP: 11/25
 16522 | Lair:1   | Identified a scroll of acquirement
 17147 | Lair:2   | Noticed an oklob plant
 17216 | Lair:2   | Found a hole to the Spider Nest.
 17218 | Lair:2   | Noticed a wolf spider
 17224 | Lair:2   | Killed a wolf spider
 17297 | Lair:2   | Noticed Erica
 17778 | Lair:2   | Found a staircase to the Swamp.
 18322 | Lair:2   | Learned a level 2 spell: Blink
 18326 | Lair:2   | Learned a level 3 spell: Conjure Flame
 18330 | Lair:2   | Learned a level 3 spell: Mephitic Cloud
 18469 | Lair:3   | Got a ring of the Octopus King
 18473 | Lair:3   | Identified a ring of the Octopus King {Wiz AC+1 EV+1 Str+1 Int+1 Dex+1} (You found it on level 3 of the Lair of Beasts)
 18500 | Lair:2   | Killed an oklob plant
 18864 | Lair:3   | Offered knowledge of Throw Flame by Vehumet.
 18905 | Lair:3   | Reached ** piety under Vehumet
 19390 | Lair:3   | Reached XP level 12. HP: 74/74 MP: 20/27
 19485 | Lair:3   | Learned a level 3 spell: Ozocubu's Armour
 19848 | Lair:4   | Noticed a seven-headed hydra
 19866 | Lair:4   | Killed a seven-headed hydra
 20154 | Lair:4   | Killed Erica
 20233 | Lair:4   | Noticed a death yak
 21632 | D:9      | Offered knowledge of Inner Flame by Vehumet.
 21994 | D:10     | Entered Level 10 of the Dungeon
 22004 | D:10     | Found a staircase to the Orcish Mines.
 22192 | D:10     | Reached skill level 1 in Fighting
 22554 | D:10     | Reached *** piety under Vehumet
 23535 | D:11     | Reached skill level 5 in Fighting
 23678 | D:11     | Reached skill level 1 in Shields
 23863 | D:11     | Found a frozen archway.
 23936 | IceCv    | Entered an ice cave
 24661 | IceCv    | Gained mutation: You are in touch with the powers of death. [Mummy growth]
 24661 | IceCv    | Reached XP level 13. HP: 91/91 MP: 22/30
 24959 | IceCv    | Got a faintly glowing silver ring
 24967 | IceCv    | Got a smoking amethyst amulet
 24990 | IceCv    | Identified the ring "Nenut" {AC+4 Dex+2 Slay+3} (You found it in an ice cave)
 24992 | IceCv    | Identified the amulet "Viast" {Harm *Drain rElec rF- Int+4} (You found it in an ice cave)
 25715 | D:6      | Killed ShornTheSheep's ghost
 25784 | D:8      | Reached skill level 5 in Shields
 25814 | D:8      | Bought a pair of glowing gloves for 294 gold pieces
 25814 | D:8      | Bought a glowing helmet for 294 gold pieces
 25940 | Orc:1    | Entered Level 1 of the Orcish Mines
 25947 | Orc:1    | Offered knowledge of Sticky Flame by Vehumet.
 25955 | D:10     | Reached skill level 1 in Evocations
 25962 | D:10     | Learned a level 4 spell: Sticky Flame
 26110 | Orc:1    | Noticed a stone giant
 26126 | Orc:1    | Killed a stone giant
 26865 | Orc:2    | Entered Level 2 of the Orcish Mines
 26865 | Orc:2    | Found Zuitiasicu's Antique Weapon Emporium.
 26920 | Orc:1    | Reached **** piety under Vehumet
 27411 | Orc:2    | Found a staircase to the Elven Halls.
 27758 | Orc:2    | Noticed Erolcha
 27855 | Orc:2    | Offered knowledge of Lightning Bolt by Vehumet.
 27895 | Orc:2    | Killed Erolcha
 27899 | Orc:2    | Noticed an orc warlord
 27957 | Orc:1    | Killed an orc warlord
 27957 | Orc:1    | Reached skill level 5 in Evocations
 30204 | Orc:2    | Reached ***** piety under Vehumet
 30365 | Orc:2    | Offered knowledge of Bolt of Magma by Vehumet.
 30496 | Orc:2    | Found Docikhas's Antique Armour Shop.
 30496 | Orc:2    | Found Nititaro's Jewellery Emporium.
 30556 | Orc:2    | Found Xoal Asoiz's General Store.
 30556 | Orc:2    | Found Eleoham's Antique Weapon Emporium.
 30572 | Orc:2    | Bought a glowing cloak for 336 gold pieces
 30577 | Orc:2    | Bought a glowing cloak for 336 gold pieces
 30738 | Orc:2    | Found a deep blue altar of Sif Muna.
 30761 | Orc:2    | Identified Sif Muna's Collected Works on Intoxication
 31477 | Orc:2    | Bought a shiny buckler for 336 gold pieces
 31885 | Lair:4   | Reached XP level 14. HP: 98/98 MP: 13/31
 32129 | Lair:4   | Noticed Nergalle
 32142 | Lair:4   | Killed Nergalle
 33411 | Lair:4   | Reached skill level 10 in Evocations
 34133 | Lair:5   | Found a runed door.
 34134 | Lair:5   | Found a viscous altar of Jiyva.
 34135 | Lair:5   | Noticed an acid blob
 34136 | Lair:5   | Found a staircase to the Slime Pits.
 34136 | Lair:5   | Noticed an acid blob
 34700 | Lair:6   | Entered Level 6 of the Lair of Beasts
 35767 | Lair:6   | Offered knowledge of Irradiate by Vehumet.
 35776 | Lair:6   | Learned a level 5 spell: Irradiate
 36347 | Lair:6   | Got a slimy flail
 36467 | Lair:6   | Identified the +2 flail "Vazog" {freeze, *Rage rElec Int+4} (You found it on level 6 of the Lair of Beasts)
 36532 | Lair:6   | Reached skill level 15 in Spellcasting
 36714 | Lair:6   | Reached XP level 15. HP: 87/103 MP: 7/34
 39956 | D:13     | Learned a level 1 spell: Apportation
 40032 | D:13     | Noticed CALLOUS's ghost (journeyman DDFE)
 40049 | D:13     | Killed CALLOUS's ghost
 40756 | D:13     | Offered knowledge of Bolt of Draining by Vehumet.
 41202 | D:13     | Found a gate to the Vaults.
 42104 | D:14     | Reached skill level 15 in Conjurations
 42962 | D:14     | Identified the Grimoire of the Rocks and Battle Magic (You acquired it on level 14 of the Dungeon)
 43273 | D:15     | Entered Level 15 of the Dungeon
 43676 | D:15     | Noticed Nessos
 43678 | D:15     | Killed Nessos
 43925 | D:15     | Reached XP level 16. HP: 109/109 MP: 22/35
 44697 | D:15     | Reached ****** piety under Vehumet
 44828 | D:15     | Offered knowledge of Spellforged Servitor by Vehumet.
 44845 | D:15     | Learned a level 7 spell: Spellforged Servitor
 45024 | D:15     | Found a staircase to the Depths.
 46102 | Swamp:1  | Entered Level 1 of the Swamp
 46149 | Lair:2   | Reached skill level 1 in Summonings
 46743 | Swamp:1  | Noticed Roxanne
 47326 | Swamp:1  | Learned a level 5 spell: Fireball
 47967 | Swamp:1  | Got a spiked leather armour
 48233 | Swamp:2  | Reached skill level 5 in Summonings
 48929 | Swamp:3  | Noticed Bai Suzhen
 49046 | Swamp:3  | Killed Bai Suzhen
 49186 | Swamp:3  | Noticed a thorn hunter
 49193 | Swamp:3  | Killed a thorn hunter
 50086 | Swamp:3  | Identified the +2 leather armour of the New World {rF+} (You found it on level 1 of the Swamp)
 50179 | Swamp:4  | Entered Level 4 of the Swamp
 50337 | Swamp:4  | Noticed a thorn hunter
 50340 | Swamp:4  | Offered knowledge of Iron Shot by Vehumet.
 50348 | Swamp:4  | Killed a thorn hunter
 50625 | Swamp:3  | Learned a level 6 spell: Iron Shot
 50666 | Swamp:3  | Noticed a thorn hunter
 50968 | Swamp:3  | Killed a thorn hunter
 51774 | Swamp:4  | Reached skill level 10 in Fighting
 51883 | Swamp:4  | Reached XP level 17. HP: 119/128 MP: 27/36
 51958 | Swamp:4  | Got a decaying rune of Zot
 53435 | Swamp:1  | Killed Roxanne
 53439 | Swamp:1  | Identified Roxanne's Incunabulum of Transmutation (You took it off Roxanne on level 1 of the Swamp)
 53583 | Lair:1   | Offered knowledge of Poison Arrow by Vehumet.
 53679 | Spider:1 | Entered Level 1 of the Spider Nest
 55621 | Spider:2 | Offered knowledge of Conjure Ball Lightning by Vehumet.
 55647 | Spider:2 | Noticed Kirke
 55652 | Spider:2 | Killed Kirke
 55752 | Spider:2 | Noticed Arachne
 55763 | Spider:2 | Killed Arachne
 57643 | Spider:4 | Entered Level 4 of the Spider Nest
 57660 | Spider:4 | Reached skill level 10 in Shields
 58239 | Spider:4 | Offered knowledge of Lehudib's Crystal Spear by Vehumet.
 58239 | Spider:4 | Offered knowledge of Glaciate by Vehumet.
 58239 | Spider:4 | Offered knowledge of Shatter by Vehumet.
 61306 | Vaults:1 | Entered Level 1 of the Vaults
 61385 | Vaults:1 | Reached XP level 18. HP: 117/134 MP: 2/37
 63278 | Vaults:1 | Found Dudy's Jewellery Emporium.
 68321 | Vaults:2 | Learned a level 8 spell: Lehudib's Crystal Spear
 68580 | Vaults:3 | Found Vetriovu's Armour Shop.
 68926 | Vaults:3 | Found a staircase to the Crypt.
 68926 | Vaults:3 | Found an ancient bone altar of Kikubaaqudgha.
 68926 | Vaults:3 | Found a basalt altar of Yredelemnul.
 69406 | Vaults:3 | Reached XP level 19. HP: 140/140 MP: 9/38
 69419 | Vaults:3 | Reached skill level 15 in Shields
 72911 | Vaults:4 | Got a dazzling whip
 72912 | Vaults:4 | Identified the +8 whip of the Forest {venom, +Rage SInv Stlth-} (You found it on level 4 of the Vaults)
 73310 | Orc:2    | Bought a translucent falchion for 256 gold pieces
 73312 | Orc:2    | Identified the cursed +1 falchion "Baidoaxu" {flame, rC+} (You bought it in a shop on level 2 of the Orcish Mines)
 73338 | Elf:1    | Entered Level 1 of the Elven Halls
 75672 | Elf:2    | Found a runed gate.
 75672 | Elf:2    | Found a runed gate.
 75672 | Elf:2    | Found a runed gate.
 75708 | Elf:2    | Found Nog Zadd's Weapon Emporium.
 77433 | Elf:3    | Entered Level 3 of the Elven Halls
 77635 | Elf:3    | Found Wuromol's Book Shop.
 78830 | Elf:3    | Reached XP level 20. HP: 131/147 MP: 21/41
 79575 | Elf:3    | Got a bound bone ring
 79731 | Elf:3    | Got a coiled brass ring
 80236 | Elf:3    | Identified the ring "Kynex" {MR+ AC+3 Str+3 Dex+2} (You took it off a deep elf blademaster on level 3 of the Elven Halls)
 80237 | Elf:3    | Identified the ring of Neba {*Corrode rPois Int+3 Stlth+} (You took it off a deep elf demonologist on level 3 of the Elven Halls)
 80240 | Elf:3    | Identified the ring of Demons {+Blink +Inv Str+5 Int-3 Slay+4} (You took it off a deep elf demonologist on level 3 of the Elven Halls)
 80241 | Elf:3    | Identified the +10 flail "Lemeow" {vamp, *Rage Fragile Dex+4 SInv} (You took it off a deep elf demonologist on level 3 of the Elven Halls)
 80463 | Elf:3    | Got a slimy battleaxe {chop}
 80463 | Elf:3    | Got a steaming rapier {holy}
 80469 | Elf:3    | Identified the +5 battleaxe of the Crawling Thing {chop, rN+} (You took it off a deep elf demonologist on level 3 of the Elven Halls)
 80470 | Elf:3    | Identified the +0 rapier "With Two Names" {holy, *Slow rElec MR- Int+9} (You took it off a deep elf mage on level 3 of the Elven Halls)
 80541 | Elf:3    | Got a twisted quarterstaff {drain}
 80550 | Elf:3    | Identified the cursed +1 quarterstaff "Idel" {drain, rC+ Str+2 Dex+4} (You took it off a deep elf sorcerer on level 3 of the Elven Halls)
 80597 | Elf:3    | Learned a level 4 spell: Passage of Golubria
 80674 | Elf:3    | Got a faintly glowing long sword
 80676 | Elf:3    | Identified the cursed +1 long sword of Vymeugobe {speed, Int+3} (You took it off a deep elf mage on level 3 of the Elven Halls)
 82232 | Spider:4 | Got a gossamer rune of Zot
 82810 | Slime:1  | Entered Level 1 of the Pits of Slime
 82812 | Slime:1  | Noticed Groucho's ghost (adept MiFi)
 82822 | Slime:1  | Killed Groucho's ghost
 83474 | Slime:2  | Reached skill level 5 in Dodging
 84602 | Slime:4  | Noticed Dissolution
 84796 | Slime:3  | Killed Dissolution
 85387 | Slime:5  | Entered Level 5 of the Pits of Slime
 85697 | Slime:5  | Reached XP level 21. HP: 136/153 MP: 18/42
 85736 | Slime:5  | Noticed the Royal Jelly
 86973 | Slime:5  | Reached skill level 10 in Dodging
 88963 | Depths:1 | Entered Level 1 of the Depths
 89023 | Depths:1 | Noticed ohados's ghost (adept MiGl)
 89033 | Depths:1 | Killed ohados's ghost
 89563 | Depths:1 | Noticed Asterion
 89676 | Depths:1 | Killed Asterion
 89813 | Depths:1 | Noticed Nikola
 89818 | Depths:1 | Killed from afar by Nikola

Skill      XL: |  1  2  3  4  5  6  7  8  9 10 11 12 13 14 15 16 17 18 19 20 21 |
---------------+----------------------------------------------------------------+-----
Spellcasting   | 3 4 5 8 10 11 13 15 17 | 17.0
Conjurations   | 4 5 7 9 10 11 13 15 17 | 17.0
Fighting       | 5 10 | 10.0
Dodging        | 2 8 11 | 11.6
Shields        | 3 5 11 14 15 | 15.1
Evocations     | 8 10 11 12 | 12.1
Summonings     | 5 |  5.0
Stealth        | |  1.5

Action                   |  1- 3 |  4- 6 |  7- 9 | 10-12 | 13-15 | 16-18 | 19-21 || total
-------------------------+-------+-------+-------+-------+-------+-------+-------++-------
Melee: Unarmed           |     4 |     7 |     2 |       |       |       |       ||    13
       Whip              |       |       |     4 |       |       |       |       ||     4
       Staff             |       |       |       |     1 |    66 |   262 |   130 ||   459
Throw: Throwing net      |       |       |       |     1 |     1 |     1 |       ||     3
 Cast: Magic Dart        |    55 |    67 |    82 |   240 |   366 |    22 |       ||   832
       Searing Ray       |    13 |    58 |    85 |   119 |   203 |    39 |       ||   517
       Iskenderun's Myst |       |       |    35 |    39 |   144 |   270 |    85 ||   573
       Iskenderun's Batt |       |       |       |    68 |   101 |    14 |     1 ||   184
       Conjure Flame     |       |       |       |    19 |    31 |    50 |    28 ||   128
       Blink             |       |       |       |     5 |    11 |    29 |    24 ||    69
       Mephitic Cloud    |       |       |       |     3 |    19 |    48 |    57 ||   127
       Ozocubu's Armour  |       |       |       |     2 |    34 |    47 |    72 ||   155
       Sticky Flame      |       |       |       |       |   157 |   142 |       ||   299
       Irradiate         |       |       |       |       |    15 |     2 |       ||    17
       Spellforged Servi |       |       |       |       |       |   191 |   213 ||   404
       Iron Shot         |       |       |       |       |       |   118 |   324 ||   442
       Fireball          |       |       |       |       |       |    16 |    27 ||    43
       Apportation       |       |       |       |       |       |     8 |       ||     8
       Passage of Golubr |       |       |       |       |       |       |    15 ||    15
Evoke: Wand              |       |       |       |     2 |     7 |    26 |    18 ||    53
       Phial of floods   |       |       |       |       |     1 |     3 |     2 ||     6
       Sack of spiders   |       |       |       |       |       |     2 |     1 ||     3
       Staff of energy   |       |       |       |       |       |       |   754 ||   754
       Staff of Olgreb   |       |       |       |       |       |       |    18 ||    18
  Use: Scroll            |     4 |     5 |     3 |     5 |    17 |    14 |    20 ||    68
 Stab: Distracted        |       |       |     1 |       |       |     1 |     2 ||     4
       Confused          |       |       |       |       |       |     2 |     1 ||     3
Armor: Robe              |     3 |    11 |    10 |    16 |   121 |   290 |   214 ||   665
Dodge: Dodged            |    25 |    60 |   101 |   117 |   338 |   571 |   295 ||  1507
Block: Other             |       |       |       |    29 |     4 |       |       ||    33
       Reflection        |       |       |       |     6 |    24 |    88 |    48 ||   166
       Buckler           |       |       |       |       |   446 |   750 |   425 ||  1621
